 Dungeon Crawl Stone Soup version 0.28.0-45-g0d030f2227 (webtiles) character file.

Game seed: 8290125080872070941

31 Zeld the Conjurer (level 3, -3/28 HPs)
             Began as a Draconian Conjurer on Apr 19, 2022.
             Slain by Sigmund
             ... wielding a +0 scythe
              (10 damage)
             ... on level 3 of the Dungeon.
             The game lasted 00:03:16 (2504 turns).

Zeld the Conjurer (Draconian Conjurer)              Turns: 2504, Time: 00:03:17

Health: -3/28      AC:  5    Str:  9    XL:     3   Next: 7%
Magic:  6/6        EV: 12    Int: 20    God:
Gold:   183        SH:  0    Dex:  9    Spells: 3/6 levels left

rFire   . . .      SeeInvis .   (no weapon)
rCold   . . .      Faith    .   (no shield)
rNeg    . . .      Spirit   .   (armour unavailable)
rPois   .          Reflect  .   (helmet restricted)
rElec   .          Harm     .   (no cloak)
rCorr   .          Rampage  .   (no gloves)
Will    .....                   (no boots)
Stlth   +.........              (no amulet)
HPRegen 0.09/turn               (no ring)
MPRegen 0.10/turn               (no ring)

@: confused
A: AC +5, unfitting armour, cold-blooded
a: no special abilities


You were on level 3 of the Dungeon.
You visited 1 branch of the dungeon, and saw 3 of its levels.

You collected 183 gold pieces.

Inventory:

Scrolls
 a - 3 scrolls of teleportation {unknown}
 c - a scroll of enchant armour {unknown}
 g - a scroll of blinking {unknown}
 h - a scroll of fog {unknown}
 i - a scroll of fear {unknown}
Potions
 b - 2 potions of curing {unknown}
 d - a potion of lignification {unknown}
 e - a potion of berserk rage {unknown}
 f - a potion of heal wounds {unknown}


   Skills:
 + Level 1.0 Fighting
 + Level 2.1 Dodging
 + Level 2.1 Stealth
 + Level 2.2 Spellcasting
 * Level 4.3 Conjurations


You had 3 spell levels left.
You knew the following spells:

 Your Spells              Type           Power      Damage    Failure   Level
a - Magic Dart            Conj           76%        1d6       2%          1
b - Searing Ray           Conj           38%        2d5       3%          2

Your spell library contained the following spells:

 Spells                   Type           Power      Damage    Failure   Level
 Dazzling Flash           Conj/Hex       22%        N/A       19%         3
 Stone Arrow              Conj/Erth      22%        3d8       19%         3
 Blink                    Tloc           4%         N/A       24%         2
 Call Canine Familiar     Summ           2%         N/A       43%         3
 Lesser Beckoning         Tloc           2%         N/A       43%         3
 Portal Projectile        Hex/Tloc       4%         N/A       43%         3
 Tukima's Dance           Hex            2%         N/A       43%         3
 Fulminant Prism          Conj/Hex       5%         3d7       52%         4
 Iskenderun's Mystic Bla  Conj/Tloc      11%        2d4       52%         4
 Anguish                  Hex/Necr       1%         N/A       83%         4
 Leda's Liquefaction      Hex/Erth       1%         N/A       83%         4
 Manifold Assault         Tloc           2%         N/A       99%         5
 Enfeeble                 Hex            1%         N/A       100%        7
 Lehudib's Crystal Spear  Conj/Erth      5%         10d3      100%        8
 Animate Armour           Summ/Erth      Unusable   N/A       N/A         4

Dungeon Overview and Level Annotations

Branches:
Dungeon (3/15)

Altars:

Shops:
D:2 (

Annotations:
D:3 Sigmund


Innate Abilities, Weirdness & Mutations

Your plain brown scales are hard. (AC +5)
You cannot fit into any form of body armour.
You are cold-blooded and may be slowed by cold attacks.


Message History

There is a stone staircase leading up here.
You climb upwards.
Reactivating autopickup.
There is a stone staircase leading down here.
There is a stone staircase leading down here.
You climb downwards.
Level annotation: Sigmund
There is a stone staircase leading up here.
Sigmund is nearby!
Sigmund is nearby!
Sigmund is nearby!
Sigmund shouts!
Sigmund says, "Look into my eyes."
Sigmund points at you and mumbles some strange words.
The magic dart hits you. Sigmund casts a spell at you.
You resist with significant effort. Sigmund gestures at you while chanting.
The magic dart hits you.
Sigmund screams, "Don't try to resist!"
Sigmund casts a spell at you.
You are confused.
You bump into the rock wall.
Sigmund completely misses you.
You bump into the rock wall.
You feel less confused.
Sigmund says, "Don't worry, I'll kill you fast."
Sigmund mumbles some strange words.
Sigmund flickers and vanishes!
Deactivating autopickup; reactivate with Ctrl-A.
You hear some strange, mumbled words.
You are confused.
You hear some strange, mumbled words.
You are more confused.
Something hits you! Something hits you. Something hits you.
* * * LOW HITPOINT WARNING * * *
You're too confused to move!
Something hits you!
You die...

###.#
####........##.#.##.##.#
....#
#.)......#####.#.##.##.#
#####
#.##.##........#.......#
#....##.###########.####
#..####.# #.# #..####.#######
##.# #####.............# #<.#
####.................####.###
.....#.##.###.<.@....#......#
.......##.# #..{.....#.##.#.#
.....####.# ##.......#.##.#.#
####......# #.......#.##.#.#
######.# #.......#.##.#.#
###.# #########.##.#.# #...#
#......# #######.###
#######.### .....#...##
#.......#


There were no monsters in sight!

Vanquished Creatures
  A worm (D:3)
  3 ball pythons
  3 endoplasms
  A giant cockroach (D:2)
  3 goblins
  A hobgoblin (D:1)
  2 jackals (D:2)
  A kobold (D:2)
  A quokka (D:3)
  6 bats
  2 frilled lizards (D:1)
  A rat (D:2)
25 creatures vanquished.

Notes
Turn   | Place    | Note
-------+----------+-------------------------------------------
     0 | D:1      | Zeld the Draconian Conjurer began the quest for the Orb.
     0 | D:1      | Reached XP level 1. HP: 14/14 MP: 3/3
   221 | D:1      | Found a faded altar of an unknown god.
   454 | D:1      | Reached XP level 2. HP: 22/22 MP: 1/5
   529 | D:1      | Learned a level 2 spell: Searing Ray
  1305 | D:2      | Found Qoblec's Weapon Shoppe.
  2202 | D:3      | Reached skill level 1 in Fighting
  2220 | D:3      | Reached XP level 3. HP: 28/28 MP: 0/6
  2335 | D:3      | Noticed Sigmund
  2504 | D:3      | Slain by Sigmund

Illustrated notes

Levels and vault maps discovered:
D:1:      minmay_arrival_hallway, layout_basic, basic_ecumenical_altar
D:2:      layout_loops_ring, serial_shops, nicolae_shop_advertising_works
          [nicolae_subvault_shop_adworks]
D:3:      layout_loops_cross, tgw_kikubaaqudgha, uniq_sigmund

Skill      XL: |  1  2 |
---------------+-------+-----
Stealth        | 2 |  2.1
Dodging        | 2 |  2.1
Fighting       | 1 |  1.0
Spellcasting   | |  2.2
Conjurations   | |  4.3

Action                   || total
-------------------------++-------
Melee: Unarmed           ||     1
 Cast: Magic Dart        ||    43
       Searing Ray       ||     1
Armor: Skin              ||     1
Dodge: Dodged            ||     6
